 Dungeon Crawl Stone Soup version 0.27-a0-1193-g8631133539 (webtiles) character file.

Game seed: 4752982166442644566

47 Goblin1989 the Covered (level 3, 0/30 HPs)
             Began as a Djinni Fighter on May 26, 2021.
             Slain by a ball python (2 damage)
             ... on level 2 of the Dungeon.
             The game lasted 00:02:39 (1657 turns).

Goblin1989 the Covered (Djinni Fighter)             Turns: 1657, Time: 00:02:40

Health: 0/30       AC:  6    Str: 16    XL:     3   Next: 97%
Gold:   97         EV:  7    Int:  9    God:
                   SH:  9    Dex: 12

rFire    + + .     SeeInvis .   a - +0 flail
rCold    x . .     Faith    .   c - +0 kite shield
rNeg     . . .     Spirit   .   b - +0 scale mail
rPois    ∞         Reflect  .   (no helmet)
rElec    .         Harm     .   (no cloak)
rCorr    .         Rampage  .   (no gloves)
Will     .....                  (boots unavailable)
Stlth    ..........             (no amulet)
HPRegen  0.10/turn              (no ring)
MPRegen  0.00/turn              (no ring)

@: flying
A: sickness immunity, fire resistance 2, cold vulnerability 1, float, innate
caster, hp casting, extra vitality 1
a: no special abilities


You were on level 2 of the Dungeon.
You visited 1 branch of the dungeon, and saw 2 of its levels.

You collected 97 gold pieces.

Inventory:

Hand Weapons
 a - a +0 flail (weapon)
Armour
 b - a +0 scale mail (worn)
 c - a +0 kite shield (worn)
Jewellery
 j - a +4 ring of evasion
Scrolls
 g - a scroll of identify {unknown}
 i - a scroll of fear {unknown}
 m - a scroll of immolation
 n - a scroll of amnesia {unknown}
Potions
 d - 2 potions of might {@q4}
 e - a potion of haste {unknown}
 f - a potion of flight {unknown}
 h - 3 potions of brilliance {unknown}
 k - a potion of attraction {unknown}
 l - a potion of degeneration {unknown}


   Skills:
 + Level 3.3 Fighting
 * Level 2.3 Maces & Flails
 + Level 3.3 Armour
 + Level 3.3 Shields


You had one spell level left.
You knew the following spells:

 Your Spells              Type           Power      Damage    Failure   Level
b - Animate Skeleton      Necr           0%         N/A       100%        1
Your spell library was empty.


Dungeon Overview and Level Annotations

Branches:
Dungeon (2/15)

Altars:
Ru


Innate Abilities, Weirdness & Mutations

You are immune to sickness and miasma.
You are immune to poison.
Your flesh is very heat resistant. (rF++)
You are vulnerable to cold. (rC-)
You float through the air rather than walking.
You learn spells naturally, not from books.
Your magical power is your life essence.
You have superior vitality. (+4 HP)


Message History

You thump the ball python!
You kill the ball python!
No target in view!
No target in view!
No target in view!
No target in view!
No target in view!
No target in view!
No target in view!
No target in view!
No target in view!
No target in view!
No target in view!
No target in view!
No target in view!
You now have 74 gold pieces (gained 9).
You now have 86 gold pieces (gained 12).
You now have 97 gold pieces (gained 11).
A scorpion comes into view.
Health restored: 30 A scorpion is nearby!
A scorpion is nearby!
A scorpion is nearby!
You hit the scorpion.
The scorpion is moderately wounded.
The scorpion stings you!
You take 7 damage, and have 23/30 hp.
MASSIVE DAMAGE!!
You hit the scorpion but do no damage.
The scorpion is moderately wounded.
You block the scorpion's attack.
The scorpion stings you but does no damage.
You hit the scorpion but do no damage.
The scorpion is moderately wounded.
The scorpion stings you. x2
You take 8 damage, and have 15/30 hp.
MASSIVE DAMAGE!!
You are too injured to fight recklessly!
You are too injured to fight recklessly!
You are too injured to fight recklessly!
You are too injured to fight recklessly!
You are too injured to fight recklessly!
You are too injured to fight recklessly!
You are too injured to fight recklessly!
You are too injured to fight recklessly!
You are too injured to fight recklessly!
You are too injured to fight recklessly!
You are too injured to fight recklessly!
You are too injured to fight recklessly!
You are too injured to fight recklessly!
You are too injured to fight recklessly!
You are too injured to fight recklessly!
You are too injured to fight recklessly!
You are too injured to fight recklessly!
You are too injured to fight recklessly!
You are too injured to fight recklessly!
You are too injured to fight recklessly!
You closely miss the scorpion.
The scorpion is moderately wounded.
The scorpion barely misses you. You block the scorpion's attack.
You closely miss the scorpion.
The scorpion is moderately wounded.
The scorpion stings you. x2
* * * LOW HITPOINT WARNING * * *
You take 6 damage, and have 9/30 hp.
You closely miss the scorpion.
The scorpion is moderately wounded.
You block the scorpion's attack. You block the scorpion's attack.
The scorpion stings you!
* * * LOW HITPOINT WARNING * * *
You take 7 damage, and have 3/30 hp.
MASSIVE DAMAGE!!
The scorpion stings you but does no damage.
You block the scorpion's attack.
Things that are here:
a +0 dagger; a goblin corpse The scorpion barely misses you.
The scorpion stings you.
* * * LOW HITPOINT WARNING * * *
You block the scorpion's attack.
You take 3 damage, and have 1/30 hp.
The scorpion stings you but does no damage.
You see here a jackal corpse.
The scorpion barely misses you. You block the scorpion's attack.
The scorpion stings you but does no damage.
A ball python comes into view.
The ball python hisses angrily.
You block the scorpion's attack. The ball python bites you.
* * * LOW HITPOINT WARNING * * *
The ball python barely misses you.
You take 2 damage, and have 1/30 hp.
The ball python barely misses you. The ball python grabs you.
The ball python constricts you.
You escape the ball python's grasp.
You block the scorpion's attack.
The scorpion stings you but does no damage.
The scorpion barely misses you. The ball python bites you.
You die... █.██.█ █████ █████

█....█ █...█ ....█ █.
██..███ ███.███ ..█.█
███. █...█ █.....█
..█.█ ....█████..██
███...█.█ ..█.█
████....█..████.....█.█
..█.█
█..[..........†.....█.█
..█.█
█.██....███████.███.█.█
....█ █..@.█ █.██..█.█
....█ █.sS.█ █.██...<█
.██.█ ███████....█
██.███████
.██.████..........█
█.....█
███....█........███
███.....█
████.█........█
█...█████ █.█......<.█


█)██████ █.█........█ ███......█████ █.█.██.█████ █............█ You could see a
scorpion and a ball python.

Vanquished Creatures
  An adder (D:2)
  A dart slug (D:2)
  5 endoplasms (D:1)
  4 hobgoblins (D:1)
  5 jackals
  2 quokkas (D:1)
  A ball python (D:2)
  4 bats (D:1)
  A frilled lizard (D:2)
  4 goblins
  3 kobolds (D:1)
  3 rats (D:1)
34 creatures vanquished.

Notes
Turn   | Place    | Note
-------+----------+-------------------------------------------
     0 | D:1      | Goblin1989 the Djinni Fighter began the quest for the Orb.
     0 | D:1      | Reached XP level 1. HP: 20/20 MP: 0/0
   145 | D:1      | Reached XP level 2. HP: 17/25 MP: 0/0
   864 | D:1      | Reached XP level 3. HP: 30/30 MP: 0/0
   864 | D:1      | Learned a level 1 spell: Animate Skeleton
  1312 | D:2      | Found a faded altar of an unknown god.
  1328 | D:2      | Found a sacrificial altar of Ru.
  1599 | D:2      | Noticed a scorpion
  1623 | D:2      | HP: 1/30 [scorpion (3)]
  1649 | D:2      | HP: 1/30 [ball python (2)]
  1657 | D:2      | Slain by a ball python

Illustrated notes

Levels and vault maps discovered:
D:1:      tarquinn_simple_flora_water_f, layout_loops_ring, minmay_statues_item,
          item_on_display_a
D:2:      layout_basic, hellmonk_ecumenical_altar_blasted, basic_altar,
          minmay_lizard_pond, uniq_sigmund

Skill      XL: |  1  2 |
---------------+-------+-----
Maces & Flails | 2 |  2.3
Fighting       | |  3.3
Armour         | |  3.3
Shields        | |  3.3

Action                   || total
-------------------------++-------
Melee: Flail             ||   117
Armor: Scale mail        ||    65
Dodge: Dodged            ||    60
Block: Kite shield       ||    84

Table legend: (Time is in decaauts)
 A = Elapsed time spent in this place.
 B = Non-inter-level travel time spent in this place.
 C = Inter-level travel time spent in this place.
 D = Time resting spent in this place.
 E = Time spent auto-exploring this place.
 F = Levels seen in this place.
 G = Mean time per level.
                   A        B        C        D        E       F      G
               +--------+--------+--------+--------+--------+-----+--------+
         Total |   1720 |   1705 |     15 |      0 |   1358 |   2 |  860.0 |
       Dungeon |   1720 |   1705 |     15 |      0 |   1358 |   2 |  860.0 |
               +--------+--------+--------+--------+--------+-----+--------+

Top non-repeatable levels by time:
     D:1: 1325 daAuts
     D:2: 394 daAuts
